 Dungeon Crawl Stone Soup version 0.16.1-16-gc44b35d (webtiles) character file.

117813 jacksonaction the Impaler (level 16, -22/92 HPs)
             Began as a Hill Orc Fighter on Apr 17, 2015.
             Was the Champion of Beogh.
             Killed from afar by a wretched star (23 damage)
             ... with an orb of energy
             ... on level 1 of the Abyss.
             The game lasted 05:00:50 (36493 turns).

jacksonaction the Impaler (Hill Orc Fighter)       Turns: 36493, Time: 05:00:52

Health: -22/92     AC: 43    Str: 27    XL:     16   Next: 39%
Magic:  34/34      EV:  6    Int:  2    God:    Beogh [******]
Gold:   2640       SH: 25    Dex: 10    Spells: 0 memorised, 15 levels left

rFire  + . .     SeeInvis +     a - +6 trident (flame)
rCold  + . .     Rnd*Rage +     M - +5 plate armour {rC+}
rNeg   + . .     SustAb   .     e - +2 large shield
rPois  +         Gourm    .     y - +2 hat {MR+}
rElec  .         Spirit   .     c - +2 cloak {rPois}
rCorr  .         Warding  .     i - +1 pair of gloves
rMut   .         Stasis   .     P - +1 pair of boots
MR     ++...                    O - amulet of regeneration
Stlth  ..........               b - ring of Hab Muat {+Blink rF+ AC+4 Str+5 Int-4 SInv}
                                N - ring of Pothreddo {rN+ MP+9 Stlth+}

@: non-regenerating, mildly diseased, lost intelligence, very slow, very
resistant to hostile enchantments, extremely unstealthy
A: walk on water, iridescent scales 1, berserk 1, blurry vision 2, deterioration
2, dopey 1, frail 2, low mp 1, screaming 1, weak 2, placid magic 3
a: Smiting, Recall Orcish Followers, Give Item to Named Follower, Renounce
Religion, Evoke Blink
}: 1/15 runes: decaying


You were on level 1 of the Abyss.
You worshipped Beogh.
Beogh was exalted by your worship.
You were not hungry.

You visited 5 branches of the dungeon, and saw 31 of its levels.
You visited the Abyss 1 time.
You also visited: Labyrinth and Ossuary.

You collected 3636 gold pieces.
You spent 996 gold pieces at shops.

Inventory:

Hand weapons
 a - a +6 trident of flaming (weapon)
Missiles
 E - 211 tomahawks (quivered)
Armour
 c - a +2 cloak of poison resistance (worn)
 e - a +2 large shield (worn)
 i - a +1 pair of gloves (worn)
 y - a +2 hat of magic resistance (worn)
 M - a +5 plate armour of cold resistance (worn)
 P - a +1 pair of boots (worn)
Jewellery
 b - the ring of Hab Muat (right hand) {+Blink rF+ AC+4 Str+5 Int-4 SInv}
   (You found it on level 2 of the Swamp)

   [ring of protection]

   It affects your AC (+4).
   It affects your strength (+5).
   It affects your intelligence (-4).
   It protects you from fire.
   It enhances your eyesight.
   It lets you blink.
 D - an uncursed amulet of clarity
 N - the ring of Pothreddo (left hand) {rN+ MP+9 Stlth+}
   (You found it on level 6 of the Lair of Beasts)

   [ring of positive energy]

   It protects you from negative energy.
   It affects your magic capacity (+9).
   It makes you more stealthy.
 O - an amulet of regeneration (around neck)
Magical devices
 B - a wand of hasting (0)
 F - a wand of digging (3)
Scrolls
 h - a scroll of summoning {unknown}
 l - 16 scrolls of teleportation
 n - 9 scrolls of remove curse
 p - 5 scrolls of fear
 t - 5 scrolls of fog
 u - a scroll of brand weapon
 G - 2 scrolls of recharging
 K - 4 scrolls of blinking
 Q - a scroll of holy word {unknown}
 R - 7 scrolls of magic mapping
 T - 3 scrolls of enchant armour
 V - 2 scrolls of torment {unknown}
Potions
 f - 4 potions of invisibility
 g - 5 potions of magic
 j - a potion of resistance
 m - a potion of berserk rage {unknown}
 o - 3 potions of agility {unknown}
 r - a potion of flight {unknown}
 s - 10 potions of curing
 x - a potion of might
 z - 2 potions of cure mutation
 A - 5 potions of restore abilities
 C - 3 potions of beneficial mutation
 H - a potion of cancellation {unknown}
 I - a potion of mutation {unknown}
 J - a potion of degeneration {unknown}
 L - a potion of decay {unknown}
 S - 2 potions of ambrosia {unknown}
Comestibles
 d - 17 meat rations
 k - a poisonous chunk of flesh
 q - 44 fruits
 Y - 18 bread rations
 Z - 5 beef jerkies


   Skills:
 - Level 3.6 Fighting
 - Level 19.0 Polearms
 - Level 15.2 Armour
 - Level 15.3 Shields
 - Level 7.2 Invocations
 + Level 9.0 Evocations


You had 15 spell levels left.
You didn't know any spells.

Dungeon Overview and Level Annotations

Branches:
Dungeon (12/15)            Temple (0/1) D:5            Lair (8/8) D:8
  Swamp (5/5) Lair:6        Snake (2/5) Lair:3        Slime (0/6) Lair:8
    Orc (4/4) D:12            Elf (0/3) Orc:3

Altars:
Ashenzari
Cheibriados
Dithmenos
Elyvilon
Fedhas
Makhleb
Nemelex Xobeh
Okawaru
Qazlal
Vehumet
Xom
Yredelemnul
The Shining One
Beogh

Shops:
D:6 %   Orc:4 *[[

Annotations:
D:5 ateoluz's ghost, experienced OgBe
D:7 exclusion: statue
Snake:2 Louise; Vashnia


Innate Abilities, Weirdness & Mutations

You can walk on water.
You are partially covered in iridescent scales (AC +4).
[You tend to lose your temper in combat.]
[Scrolls take you longer to read.]
[Your body is deteriorating.]
[You are dopey. (Int -2)]
[You are very frail (-20% HP).]
[Your magical capacity is low (-10% MP).]
[You occasionally shout uncontrollably at your foes.]
[You are very weak. (Str -4)]
[Your spells are much easier to cast, but much less powerful.]


Message History

Worak hits the wretched star!
The large abomination hits Worak.
A hell hog comes into view.
A hell hog comes into view.
Worak hits the wretched star!
The large abomination hits Worak!
The large abomination barely misses Worak.
Worak hits the large abomination!
Worak barely misses the large abomination.
The large abomination barely misses Worak.
The wretched star pulses with an eldritch light!
You feel less energetic.
You feel a little pissed off.
Worak twists and deforms.
The large abomination hits Worak!
Worak barely misses the large abomination.
The large abomination barely misses Worak.
Worak hits the large abomination but does no damage. x2
The large abomination hits Worak!
Worak dies!
The wretched star glows turbulently.
The orb of energy hits you!
You die...

## # #...## # . §
#.. ##..#.....# #
..# #.....# .... #
# #.##.###.#..# .[
#........#..#... #
# #..###.. ##
#..##.# #
#.#....#.#..###.† .
#
..*#.......#...#.#.
..# .#.####@....##.
## #
###...#..##.### .
## . #.. ..#.#.#.#
.# . . .#.#..#..##
# #. ..#.
#X[#.###.. .. ..#.
#.*#..# ..# # ## .
.....#hh.. .###. #
.....#.#.##.... ..
.#.#..#.#. ...# .#


You could see a wretched star and a large abomination.

Vanquished Creatures
  Nikola (Snake:2)
  3 tentacled starspawn (Abyss:1)
  Aizul (Snake:2)
  A green death (Abyss:1)
  An eidolon (Abyss:1)
  A minotaur (Lab)
  3 hydras
  A naga warrior (Snake:1)
  An ice dragon (Swamp:5)
  2 anacondas (Snake:1)
  An alligator (Swamp:2)
  A naga sharpshooter (Snake:1)
  A hell hog (Abyss:1)
  A thrashing horror (Abyss:1)
  A wretched star (Abyss:1)
  A shock serpent (Snake:1)
  A spatial maelstrom (Abyss:1)
  A swamp dragon (Swamp:5)
  2 spriggan druids (Swamp:5)
  A naga ritualist (Snake:1)
  2 shambling mangroves
  Pikel (D:8)
  An ugly thing (D:12)
  A salamander (Snake:1)
  2 mana vipers (Snake:1)
  An orc sorcerer (Orc:4)
  A sixfirhy (Abyss:1)
  An elephant (Lair:6)
  4 black mambas (Snake:1)
  A guardian serpent (Abyss:1)
  3 spiny frogs
  4 naga magi
  An orange demon (Orc:4)
  A komodo dragon (Lair:1)
  2 ancient zymes (Abyss:1)
  A freezing wraith (Abyss:1)
  A giant leech (Swamp:1)
  2 blink frogs (Lair:6)
  A two-headed ogre (D:10)
  5 slime creatures
  A basilisk (Lair:3)
  3 ravens (Swamp:4)
  A basilisk (shapeshifter) (Abyss:1)
  A wraith (D:12)
  2 large abominations (Abyss:1)
  A shadow (Swamp:3)
  A redback (shapeshifter) (D:12)
  3 yaks
  A spriggan (Swamp:2)
  A ynoxinul (Abyss:1)
  A chaos spawn (Abyss:1)
  6 swamp worms
  A hungry ghost (D:10)
  3 hippogriffs
  A swamp worm simulacrum (Swamp:5)
  6 insubstantial wisps
  A spatial vortex (Abyss:1)
  5 wolves
  6 vampire mosquitoes
  9 water moccasins
  2 orc warriors (Orc:4)
  11 nagas
  2 wargs (Orc:4)
  A hell hound (Abyss:1)
  2 porcupines
  4 ice beasts
  A slave (D:8)
  2 black bears (Lair:8)
  6 hydra simulacra (Swamp:5)
  4 ogres
  2 phantoms
  2 wasps
  8 swamp drakes
  2 sky beasts
  The ghost of jacksonaction the Magician, an average HOWz (D:3)
  4 centaurs
  Sigmund (D:5)
  A boring beetle (Lair:8)
  10 giant frogs
  The ghost of Artificial the Skirmisher, an average VSBe of Trog (D:6)
  2 brain worms
  4 crocodiles
  3 wyvern zombies
  3 scorpions
  2 killer bees
  2 electric eels
  A small abomination (Abyss:1)
  8 bog bodies
  3 crimson imps
  3 centaur zombies
  2 giant frog zombies (Ossuary)
  4 jellies
  5 starcursed masses (Abyss:1)
  8 wights
  3 goliath beetles
  3 orc priests
  A centaur skeleton (D:4)
  4 hounds
  An iron imp (Abyss:1)
  A giant frog skeleton (D:10)
  8 worker ants
  2 iguanas
  9 orc wizards
  A killer bee zombie (Ossuary)
  3 sheep
  2 hound zombies (Ossuary)
  2 hound skeletons
  7 mummies (Ossuary)
  4 worker ant zombies
  10 gnolls
  16 adders
  9 river rats
  4 giant mites
  3 worms
  A swamp drake simulacrum (Swamp:5)
  3 adder zombies (Ossuary)
  6 giant geckos
  2 oozes
  17 orcs
  3 bat skeletons
  3 bat zombies (Ossuary)
  9 goblins
  15 hobgoblins
  7 jackals
  13 kobolds
  16 bats
  9 giant cockroaches
  2 giant gecko zombies
  7 giant newts
  A giant spore (D:12)
  A jackal zombie (Ossuary)
  7 quokkas
  22 rats
  7 ballistomycetes (D:12)
  A starspawn tentacle (Abyss:1)
478 creatures vanquished.

Vanquished Creatures (collateral kills)
  The ghost of porpoise the Warrior, a mighty MfFi of Okawaru (Swamp:5)
  2 thorn hunters (Swamp:5)
  Frances (Swamp:3)
  An orc warlord (Swamp:4)
  Gastronok (Lair:2)
  2 very ugly things (Swamp:2)
  2 ettins (D:12)
  An ice dragon (Swamp:5)
  10 hydras
  Harold (D:11)
  Nessos (Orc:4)
  A centaur warrior (D:9)
  2 alligators (Swamp:4)
  A deep troll earth mage (D:12)
  2 naga sharpshooters
  A spriggan berserker (Swamp:1)
  2 orc high priests (Orc:4)
  A sun demon (Orc:4)
  A thrashing horror (Abyss:1)
  A soul eater (Orc:4)
  A spriggan rider (Swamp:5)
  A wretched star (Abyss:1)
  An unseen horror (D:12)
  8 swamp dragons
  3 hill giants
  2 griffons
  7 orc knights
  A mana viper (Snake:1)
  A hornet (Swamp:2)
  A sixfirhy (D:12)
  3 cyclopes
  A manticore (D:12)
  3 orc sorcerers (Orc:4)
  A salamander (Snake:1)
  11 elephants
  A guardian serpent (Abyss:1)
  A centaur zombie (D:12)
  Maurice (D:11)
  8 black mambas
  A queen ant (Lair:4)
  A gargoyle (D:12)
  13 spiny frogs
  A naga mage (Snake:1)
  3 kobold demonologists
  10 komodo dragons
  A tormentor (Abyss:1)
  A fire drake (Lair:6)
  5 spriggan druids
  4 freezing wraiths (Swamp:5)
  4 giant leeches
  Grum (D:8)
  6 blink frogs
  A troll (D:9)
  A baby alligator (Lair:3)
  10 polar bears (Lair:8)
  28 wolves
  13 slime creatures
  2 two-headed ogres
  6 ravens
  A vampire (D:12)
  2 deep elf magi
  13 hippogriffs
  7 redbacks (Lair:8)
  A shadow (Swamp:2)
  A ynoxinul (D:12)
  5 basilisks
  2 wyverns
  A water elemental (Abyss:1)
  35 yaks
  Eustachio (D:8)
  19 spriggans
  A chaos spawn (D:12)
  2 swamp worm simulacra (Swamp:5)
  4 wargs
  3 nagas
  11 soldier ants (Lair:4)
  3 neqoxecs
  18 swamp worms
  21 insubstantial wisps
  2 large abominations (Abyss:1)
  5 vampire mosquitoes
  9 hydra simulacra (Swamp:5)
  9 porcupines
  20 orc warriors
  3 sky beasts
  23 water moccasins
  A necrophage (D:8)
  An eye of draining (D:11)
  An ice beast (D:12)
  10 ogres
  4 centaurs
  A phantom (Swamp:5)
  5 swamp drakes
  12 wasps
  5 black bears (Lair:8)
  A boring beetle (Lair:8)
  4 big kobolds
  18 crocodiles
  12 giant frogs
  An earth elemental (Abyss:1)
  3 killer bees
  3 small abominations (Abyss:1)
  5 electric eels
  A wight (D:8)
  A crimson imp (D:12)
  A giant frog zombie (D:10)
  2 goliath beetles (D:8)
  7 hounds
  10 bog bodies
  2 jellies (Lair:8)
  8 orc priests
  9 orc wizards
  A giant frog skeleton (D:9)
  14 worker ants
  6 iguanas
  An iron imp (Abyss:1)
  20 sheep
  A hound skeleton (D:10)
  3 mummies
  8 adders
  48 river rats
  A shadow imp (D:8)
  A white imp (Abyss:1)
  2 ufetubi (D:12)
  4 swamp drake simulacra (Swamp:5)
  2 orc zombies (Orc:4)
  2 oozes (Lair:8)
  33 orcs
  15 goblins
  5 hobgoblins
  2 jackals (D:8)
  12 kobolds
  6 quokkas
  3 bats (Orc:2)
  A giant newt (Lair:3)
  A giant spore (D:12)
  A jackal zombie (D:8)
  A quokka skeleton (D:9)
  A rat (D:10)
  5 ballistomycetes (D:12)
  A briar patch (Swamp:5)
  A butterfly (Lair:7)
  3 fungi
  2 plants
  A starspawn tentacle (Abyss:1)
761 creatures vanquished.

Vanquished Creatures (others)
  3 orc warlords
  7 orc knights
  An orc high priest (Swamp:5)
  An unseen horror (D:12)
  A spriggan druid (Swamp:4)
  An orc sorcerer (Orc:4)
  2 rust devils (Swamp:5)
  A spiny frog (Lair:8)
  A hellwing (Swamp:5)
  12 orc warriors
  2 slaves (D:8)
  19 orc priests
  18 orc wizards
  An adder (D:11)
  112 orcs
  A kobold (D:3)
  3 fungi
  3 plants
  8 starspawn tentacles (Abyss:1)
  66 starspawn tentacle segments (Abyss:1)
263 creatures vanquished.

Grand Total: 1502 creatures vanquished

Notes
Turn   | Place    | Note
--------------------------------------------------------------
     0 | D:1      | jacksonaction, the Hill Orc Fighter, began the quest for the Orb.
     0 | D:1      | Reached XP level 1. HP: 19/19 MP: 1/1
   287 | D:1      | Reached XP level 2. HP: 23/26 MP: 2/2
   730 | D:1      | Reached XP level 3. HP: 31/31 MP: 3/3
   981 | D:2      | Reached skill level 4 in Shields
  1316 | D:2      | Found a shadowy altar of Dithmenos.
  1347 | D:2      | Reached XP level 4. HP: 37/39 MP: 4/4
  1643 | D:3      | Noticed jacksonaction's ghost (average HOWz)
  1656 | D:3      | Killed jacksonaction's ghost
  1656 | D:3      | Reached XP level 5. HP: 27/45 MP: 5/5
  1726 | D:3      | Became a worshipper of Beogh the Brigand
  1780 | D:3      | Reached skill level 5 in Shields
  2001 | D:3      | Reached XP level 6. HP: 9/51 MP: 6/6
  2277 | D:3      | Reached skill level 5 in Armour
  2352 | D:3      | Found a stormy altar of Qazlal.
  2352 | D:3      | Found a blossoming altar of Fedhas.
  2980 | D:4      | Acquired Beogh's first power
  3211 | D:4      | Reached skill level 6 in Shields
  3381 | D:4      | Reached XP level 7. HP: 46/57 MP: 7/7
  4292 | D:5      | Entered Level 5 of the Dungeon
  4626 | D:5      | Found a staircase to the Ecumenical Temple.
  4633 | D:5      | Noticed Sigmund
  4667 | D:5      | Reached skill level 5 in Polearms
  4667 | D:5      | Reached skill level 7 in Shields
  4741 | D:5      | Reached XP level 8. HP: 42/64 MP: 8/8
  4960 | D:5      | Noticed ateoluz's ghost (experienced OgBe)
  5756 | D:5      | Killed Sigmund
  6205 | D:5      | Found a white marble altar of Elyvilon.
  6212 | D:5      | Found a shimmering altar of Xom.
  6223 | D:5      | Found a shattered altar of Ashenzari.
  6233 | D:5      | Found a glowing golden altar of the Shining One.
  6238 | D:5      | Found a basalt altar of Yredelemnul.
  6245 | D:5      | Found a sparkling altar of Nemelex Xobeh.
  6250 | D:5      | Found a burning altar of Makhleb.
  6449 | D:6      | Acquired Beogh's second power
  6609 | D:6      | Reached skill level 1 in Invocations
  6898 | D:6      | Reached skill level 8 in Shields
  7126 | D:6      | Found Weoq's Food Shoppe.
  7384 | D:6      | Reached skill level 5 in Invocations
  7384 | D:6      | Reached XP level 9. HP: 56/70 MP: 17/17
  7438 | D:6      | Noticed Artificial's ghost (average VSBe)
  7464 | D:6      | Killed Artificial's ghost
  7863 | D:7      | Acquired Beogh's third power
  8273 | D:7      | Found a radiant altar of Vehumet.
  9177 | D:8      | Noticed an elephant
  9178 | D:8      | Noticed Eustachio
  9178 | D:8      | Found a staircase to the Lair.
  9282 | D:8      | Noticed Pikel
  9330 | D:8      | Killed Pikel
  9330 | D:8      | Reached skill level 9 in Shields
  9330 | D:8      | Reached XP level 10. HP: 56/77 MP: 21/21
  9443 | D:8      | Found an iron altar of Okawaru.
  9544 | D:8      | Found a sand-covered staircase.
  9575 | D:8      | Reached skill level 10 in Shields
  9588 | Ossuary  | Entered an ossuary
  9755 | Ossuary  | Acquired Beogh's fourth power
  9977 | Ossuary  | Gained Orkrul as an ally
 10132 | D:8      | Found a white marble altar of Elyvilon.
 10133 | D:8      | Gained Syrus as an ally
 10203 | D:8      | Noticed Grum
 10254 | D:8      | Killed Eustachio
 10269 | D:8      | Killed Grum
 10276 | D:8      | Reached skill level 11 in Shields
 10648 | D:8      | Killed an elephant
 11013 | Lair:1   | Entered Level 1 of the Lair of Beasts
 11132 | Lair:1   | Gained Bolgrim as an ally
 11287 | Lair:1   | Acquired Beogh's fifth power
 11503 | Lair:1   | Reached skill level 12 in Shields
 11503 | Lair:1   | Reached XP level 11. HP: 82/82 MP: 22/22
 12224 | Lair:2   | Reached skill level 10 in Armour
 12332 | Lair:2   | Noticed Gastronok
 12350 | Lair:2   | Killed Gastronok
 12930 | Lair:2   | Noticed a seven-headed hydra
 12938 | Lair:2   | Killed an eight-headed hydra
 13125 | Lair:2   | Reached skill level 13 in Shields
 13409 | Lair:3   | Found a staircase to the Swamp.
 13753 | Lair:3   | Found a staircase to the Snake Pit.
 14564 | Lair:4   | Reached XP level 12. HP: 70/90 MP: 23/23
 14733 | Lair:4   | Reached skill level 14 in Shields
 14736 | Lair:4   | Got a translucent rapier
 15340 | Lair:5   | Noticed a five-headed hydra
 15345 | Lair:5   | Killed a five-headed hydra
 15711 | Lair:6   | Noticed a seven-headed hydra
 15722 | Lair:6   | Killed a seven-headed hydra
 15971 | Lair:6   | Found a staircase to the Swamp.
 16345 | Lair:6   | Got a twitching lapis lazuli ring
 16347 | Lair:6   | Identified the ring of Pothreddo {rN+ MP+9 Stlth+} (You found it on level 6 of the Lair of Beasts)
 16936 | Lair:7   | Reached skill level 15 in Shields
 17410 | Lair:7   | Noticed a four-headed hydra
 17417 | Lair:7   | Killed a three-headed hydra
 17657 | Lair:8   | Entered Level 8 of the Lair of Beasts
 17657 | Lair:8   | Noticed a six-headed hydra
 17665 | Lair:8   | Killed an eight-headed hydra
 17667 | Lair:8   | Found a staircase to the Slime Pits.
 17839 | Lair:8   | Reached XP level 13. HP: 93/95 MP: 24/24
 17992 | Lair:8   | Reached skill level 10 in Polearms
 18524 | Lair:8   | Noticed a six-headed hydra
 18526 | Lair:8   | Killed a six-headed hydra
 19410 | D:9      | Gained Learuk as an ally
 19447 | D:9      | Your ally Learuk died
 19463 | D:9      | Reached skill level 15 in Armour
 20186 | D:10     | Entered Level 10 of the Dungeon
 20978 | D:11     | Noticed Harold
 20989 | D:11     | Killed Harold
 21412 | D:11     | Found a radiant altar of Vehumet.
 21444 | D:11     | Noticed Maurice
 21453 | D:11     | Killed Maurice
 22061 | D:12     | Found a staircase to the Orcish Mines.
 22475 | D:12     | Gained Bogdan as an ally
 22478 | D:12     | Noticed an ettin
 22480 | D:12     | Killed an ettin
 22480 | D:12     | Reached XP level 14. HP: 70/102 MP: 25/25
 22782 | D:12     | Noticed an ettin
 22791 | D:12     | Killed an ettin
 23332 | Orc:1    | Entered Level 1 of the Orcish Mines
 23854 | Orc:3    | Found a staircase to the Elven Halls.
 23928 | Orc:3    | Found a roughly hewn altar of Beogh.
 24058 | Orc:3    | Found a roughly hewn altar of Beogh.
 24361 | Orc:3    | Gained Bogdar as an ally
 24403 | Orc:4    | Entered Level 4 of the Orcish Mines
 24403 | Orc:4    | Found a labyrinth entrance.
 24425 | Orc:4    | Gained Alork as an ally
 24468 | Orc:4    | Noticed an orc warlord
 24470 | Orc:4    | Gained Wulfoc as an ally
 24480 | Orc:4    | an orc warlord (ally) was killed
 24579 | Lab      | Entered a labyrinth
 25102 | Lab      | Identified Jiquif's Papyrus of Warped Enhancements
 25212 | Orc:4    | Noticed Nessos
 25231 | Orc:4    | Your ally Wulfoc died
 25242 | Orc:4    | Killed Nessos
 25555 | Orc:4    | Found Treclutt's Food Emporium.
 25556 | Orc:4    | Your ally Alork died
 25595 | Orc:4    | Gained Arkwar as an ally
 25614 | Orc:4    | Found Mamp's General Store.
 25621 | Orc:4    | Gained Bogwald as an ally
 25622 | Orc:4    | Found Plasear's Antique Armour Shop.
 25623 | Orc:4    | Found Khaub's Antique Armour Shop.
 25639 | Orc:4    | Your ally Arkwar died
 25676 | Orc:4    | Bought a potion of cure mutation for 525 gold pieces
 25676 | Orc:4    | Bought a scroll of teleportation for 45 gold pieces
 25688 | Orc:4    | Bought 4 fruits for 72 gold pieces
 25688 | Orc:4    | Bought a beef jerky for 18 gold pieces
 25688 | Orc:4    | Bought a bread ration for 60 gold pieces
 25688 | Orc:4    | Bought a royal jelly for 24 gold pieces
 25688 | Orc:4    | Bought a meat ration for 60 gold pieces
 25688 | Orc:4    | Bought a slice of pizza for 18 gold pieces
 25688 | Orc:4    | Bought a bread ration for 60 gold pieces
 25688 | Orc:4    | Bought 3 fruits for 54 gold pieces
 25688 | Orc:4    | Bought a meat ration for 60 gold pieces
 26516 | Swamp:1  | Entered Level 1 of the Swamp
 26790 | Swamp:1  | Reached skill level 15 in Polearms
 26870 | Swamp:1  | Your ally Bogdar died
 27594 | Swamp:2  | Gained Oruk as an ally
 27851 | Swamp:2  | Got a wavering pewter ring
 27853 | Swamp:2  | Identified the ring of Hab Muat {+Blink rF+ AC+4 Str+5 Int-4 SInv} (You found it on level 2 of the Swamp)
 27870 | Swamp:2  | Noticed a green very ugly thing
 27880 | Swamp:2  | Killed a green very ugly thing
 27947 | Swamp:2  | Reached skill level 16 in Polearms
 27988 | Swamp:2  | Noticed a green very ugly thing
 28003 | Swamp:2  | Killed a green very ugly thing
 28593 | Swamp:2  | You fall through a shaft for 2 floors!
 28841 | Swamp:3  | Found a snail-covered altar of Cheibriados.
 28852 | Swamp:3  | Reached XP level 15. HP: 82/107 MP: 25/25
 29067 | Swamp:3  | Noticed Frances
 29076 | Swamp:3  | Killed Frances
 29076 | Swamp:3  | Reached skill level 17 in Polearms
 29091 | Swamp:3  | Got a steaming robe
 29102 | Swamp:3  | Identified the +1 robe "Gracs" {rPois rC- rCorr Str+3 Stlth+} (You found it on level 3 of the Swamp)
 29864 | Swamp:4  | Your ally Bolgrim died
 30516 | Swamp:5  | Entered Level 5 of the Swamp
 30534 | Swamp:5  | Reached skill level 18 in Polearms
 30540 | Swamp:5  | Gained Geork as an ally
 30633 | Swamp:5  | Gained Bogwald as an ally
 30817 | Swamp:5  | Noticed porpoise's ghost (mighty MfFi)
 30835 | Swamp:5  | Killed porpoise's ghost
 31117 | Swamp:5  | Your ally Bogwald died
 31120 | Swamp:5  | Your ally Oruk died
 31144 | Swamp:5  | Gained Garbold as an ally
 31156 | Swamp:5  | Your ally Orkrul died
 31316 | Swamp:5  | Your ally Syrus died
 31674 | Swamp:5  | Your ally Garbold died
 31694 | Swamp:5  | Noticed a thorn hunter
 31694 | Swamp:5  | Noticed a thorn hunter
 31713 | Swamp:5  | Your ally Geork died
 31716 | Swamp:5  | Killed a thorn hunter
 31716 | Swamp:5  | Your ally Bogwald died
 31723 | Swamp:5  | Killed a thorn hunter
 32270 | Swamp:5  | Got a decaying rune of Zot
 32600 | Snake:1  | Entered Level 1 of the Snake Pit
 33052 | Snake:1  | Reached skill level 19 in Polearms
 33564 | Snake:1  | Gained Norbak as an ally
 34202 | Snake:1  | Got an ebony whip
 34203 | Snake:1  | Identified the +6 whip of the Hummingbird {antimagic, +Inv rPois rF+ MP+9 Int-2} (You found it on level 1 of the Snake Pit)
 34530 | Snake:2  | Noticed Vashnia
 34544 | Snake:2  | Reached skill level 1 in Evocations
 34555 | Snake:2  | Your ally Norbak died
 34679 | Snake:1  | Gained Orkwin as an ally
 34839 | Snake:1  | Gained Gorg as an ally
 35188 | Snake:2  | Noticed Louise
 35190 | Snake:2  | Noticed Aizul
 35195 | Snake:2  | HP: 4/107 [Louise/bolt of lightning (33)]
 35202 | Snake:2  | Your ally Orkwin died
 35206 | Snake:2  | Your ally Gorg died
 35240 | Snake:2  | Killed Aizul
 35240 | Snake:2  | Reached XP level 16. HP: 37/115 MP: 26/26
 35350 | Snake:2  | Noticed Nikola
 35400 | Snake:2  | Beogh protects you from harm!
 35414 | Snake:2  | HP: 1/115 [Nikola/chain lightning (13)]
 35422 | Snake:2  | HP: 5/115 [Nikola/chain lightning (3)]
 35452 | Snake:2  | Killed Nikola
 35630 | Snake:2  | Cast into the Abyss (Louise)
 35684 | Abyss:1  | Reached skill level 5 in Evocations
 35907 | Abyss:1  | Noticed a tentacled starspawn
 35917 | Abyss:1  | Killed a tentacled starspawn
 36225 | Abyss:1  | Noticed a tentacled starspawn
 36233 | Abyss:1  | Killed a tentacled starspawn
 36251 | Abyss:1  | Lost intelligence.
 36291 | Abyss:1  | Noticed a tentacled starspawn
 36295 | Abyss:1  | Gained Urtork as an ally
 36336 | Abyss:1  | Found a corrupted altar of Lugonu.
 36361 | Abyss:1  | Gained Worak as an ally
 36379 | Abyss:1  | Found a corrupted altar of Lugonu.
 36397 | Abyss:1  | Your ally Urtork died
 36426 | Abyss:1  | Noticed a tentacled starspawn
 36434 | Abyss:1  | Killed a tentacled starspawn
 36441 | Abyss:1  | Gained mutation: You are partially covered in iridescent scales (AC +4). [potion of beneficial mutation]
 36455 | Abyss:1  | Found a corrupted altar of Lugonu.
 36490 | Abyss:1  | HP: 1/92 [wretched star/orb of energy (8)]
 36493 | Abyss:1  | Your ally Worak died
 36493 | Abyss:1  | Killed from afar by a wretched star

Action                   |  1- 3 |  4- 6 |  7- 9 | 10-12 | 13-15 | 16-18 || total
-------------------------+-------+-------+-------+-------+-------+-------++-------
Melee: Trident           |   163 |   327 |   867 |   707 |  1359 |   288 ||  3711
Throw: Stone             |    18 |    82 |    63 |       |       |       ||   163
       Javelin           |       |       |       |    40 |       |       ||    40
       Tomahawk          |       |       |       |    34 |    72 |     8 ||   114
Invok: Convert to Beogh  |       |     1 |       |       |       |       ||     1
       Smiting           |       |       |       |     2 |       |       ||     2
       Recall Orcish Fol |       |       |       |     1 |    41 |     2 ||    44
       Give Item to Name |       |       |       |     1 |     4 |       ||     5
Evoke: Wand              |       |       |       |       |     1 |     1 ||     2
  Use: Scroll            |       |     4 |     7 |    16 |    14 |     2 ||    43
       Potion            |       |       |     1 |     1 |    12 |     6 ||    20
 Stab: Distracted        |       |       |       |     8 |     9 |       ||    17
       Fleeing           |       |       |       |     1 |       |       ||     1
       Invisible         |       |       |       |       |     4 |       ||     4
       Confused          |       |       |       |       |     2 |       ||     2
  Eat: Chunk             |     1 |     8 |    13 |    27 |    47 |     3 ||    99
       Pizza             |       |       |     1 |       |     1 |       ||     2
       Bread ration      |       |       |     1 |       |       |       ||     1
       Fruit             |       |       |     2 |     1 |     2 |       ||     5
       Royal jelly       |       |       |       |       |     1 |       ||     1
       Beef jerky        |       |       |       |       |     4 |     3 ||     7
